 Dungeon Crawl Stone Soup version 0.30-a0-857-gcaf70739d4 (webtiles) character file.

Game seed: 13296069787487204726

333 bande the Trooper (level 6, -3/39 HPs)
             Began as a Gargoyle Fighter on Mar 6, 2023.
             Slain by an ice beast (10 damage)
             ... on level 4 of the Dungeon.
             The game lasted 00:04:39 (2651 turns).

bande the Trooper (Gargoyle Fighter)                Turns: 2651, Time: 00:04:39

Health: -3/39      AC: 17    Str: 20    XL:     6   Next: 52%
Magic:  6/6        EV:  7    Int:  8    God:
Gold:   198        SH:  4    Dex: 11    Spells: 5/5 levels left

rFire   . . .      SeeInvis .    a - +0 war axe
rCold   . . .      Faith    .    c - +0 buckler
rNeg    + . .      Spirit   .    k - +0 chain mail
rPois   ∞          Reflect  .    p - +2 helmet
rElec   +          Rampage  .    (no cloak)
rCorr   .                        (no gloves)
Will    .....                    (no boots) Stlth
                                 (no amulet)
HPRegen 0.26/turn                (no ring)
MPRegen 0.10/turn                (no ring)

@: no status effects
A: sickness immunity, AC +4, negative energy resistance 1, electricity
resistance, torment resistance 1, petrification resistance
a: no special abilities


You were on level 4 of the Dungeon.
You visited 1 branch of the dungeon, and saw 4 of its levels.

You collected 198 gold pieces.

Inventory:

Hand Weapons
 a - a +0 war axe (weapon)
 m - a +1 flail of protection
Armour
 c - a +0 buckler (worn)
 k - a +0 chain mail (worn)
 p - a +2 helmet (worn)
Wands
 f - a wand of paralysis (3)
Scrolls
 b - a scroll of poison {unknown}
 g - a scroll of enchant weapon {unknown}
 l - 3 scrolls of amnesia
 n - a scroll of teleportation {unknown}
Potions
 d - a potion of might
 e - a potion of attraction
 h - a potion of heal wounds
 i - a potion of resistance
 j - a potion of cancellation


   Skills:
 + Level 4.5 Fighting
 + Level 4.2 Axes
 + Level 4.3 Armour
 + Level 4.0 Shields
 * Level 1.3 Evocations


You had 5 spell levels left.
You didn't know any spells.
Your spell library contained the following spells:

 Spells                   Type           Power      Damage    Failure   Level
 Blink                    Tloc           0%         N/A       100%        2
 Lesser Beckoning         Tloc           0%         N/A       100%        2
 Momentum Strike          Conj/Tloc      0%         3d8       100%        2


Dungeon Overview and Level Annotations

Branches:
Dungeon (4/15)
 Temple: D:4-7

Altars:
Vehumet

Shops:
D:3 [


Innate Abilities, Weirdness & Mutations

You are immune to sickness and miasma.
Your stone body is resilient. (AC +4)
You are immune to poison.
You resist negative energy. (rN+)
You are resistant to electric shocks. (rElec)
You are resistant to unholy torment.
You are immune to petrification.


Message History

You slash the orc priest!
You kill the orc priest!
You closely miss the orc. The orc hits you but does no damage.
You block the orc's attack.
You slash the orc!
You kill the orc!
You barely miss the ice beast. The ice beast hits you.
The ice beast freezes you!
You barely miss the ice beast. The ice beast hits you.
The ice beast freezes you!
* * * LOW HITPOINT WARNING * * *
The ice beast hits you but does no damage.
You are too injured to fight recklessly!
You are too injured to fight recklessly!
You are too injured to fight recklessly!
You are too injured to fight recklessly!
You are too injured to fight recklessly!
You are too injured to fight recklessly!
You are too injured to fight recklessly!
You are too injured to fight recklessly!
You are too injured to fight recklessly!
You slash the ice beast!
The ice beast is moderately wounded.
You block the ice beast's attack.
You barely miss the ice beast.
The ice beast is moderately wounded.
You block the ice beast's attack.
You slash the ice beast!
The ice beast is severely wounded.
You block the ice beast's attack.
The ice beast hits you but does no damage.
You hit the ice beast.
The ice beast is severely wounded.
You block the ice beast's attack.
You hit the ice beast.
The ice beast is almost dead.
The ice beast hits you.
* * * LOW HITPOINT WARNING * * *
The ice beast freezes you!
You die...

.... . .... .. ##... #
##### ... ...## .# ...).
.... #...##.# ##....
.....#.>....# #.....
......))).## ###.....
......)@#..####.........
.....#Y..#......# #....
.......#........# #....
......####......####....
.......###.###..........
........#..# ##.........
..........####......#...
........)...††...#......
.......†.###...........


You could see an ice beast.

Vanquished Creatures
  A scorpion (D:2)
  A hound (D:4)
  An orc priest (D:4)
  2 orc wizards (D:4)
  4 gnolls
  6 adders
  3 dart slugs
  9 orcs (D:4)
  5 endoplasms
  A giant cockroach (D:4)
  3 goblins
  6 hobgoblins
  2 jackals (D:4)
  2 quokkas
  9 ball pythons
  4 bats
  4 frilled lizards
  4 kobolds
  6 rats
73 creatures vanquished.

Notes
Turn   | Place    | Note
-------+----------+-------------------------------------------
     0 | D:1      | bande the Gargoyle Fighter began the quest for the Orb.
     0 | D:1      | Reached XP level 1. HP: 14/14 MP: 1/1
   111 | D:1      | Reached XP level 2. HP: 16/20 MP: 2/2
   250 | D:1      | Reached XP level 3. HP: 16/24 MP: 3/3
   917 | D:2      | Reached XP level 4. HP: 5/29 MP: 4/4
  1267 | D:2      | Noticed a scorpion
  1285 | D:2      | Killed a scorpion
  1286 | D:2      | Reached XP level 5. HP: 29/33 MP: 5/5
  2158 | D:3      | Found Voh Sese's Armour Boutique.
  2240 | D:3      | You fall into a shaft and drop 1 floor!
  2240 | D:4      | Found a radiant altar of Vehumet.
  2299 | D:4      | Reached XP level 6. HP: 29/39 MP: 6/6
  2310 | D:4      | Reached skill level 1 in Evocations
  2323 | D:4      | HP: 1/39 [orc/+1 flail of protection (1)]
  2640 | D:4      | Noticed an ice beast
  2651 | D:4      | Slain by an ice beast

Illustrated notes

Levels and vault maps discovered:
D:1:      spicycebolla_arrival_ecumenical, layout_loops_ring,
          minmay_misc_feat_room, roderic_roman_lattice,
          minmay_tree_intersection, minivault_19, st_stairs_2
D:2:      layout_basic, chequers_serial_rivers_marsh, minmay_crystal_room
D:3:      layout_basic, serial_curves, eino_curves_01, eino_curves_01,
          serial_shops, shop
D:4:      layout_rooms, mainiacjoe_overflow_swirl, uniq_blork_the_orc

Skill      XL: |  1  2  3  4  5  6 |
---------------+-------------------+-----
Axes           | 2 3 4 |  4.2
Fighting       | 4 |  4.5
Armour         | 4 |  4.3
Evocations     | 1 |  1.3
Shields        | 4 |  4.0

Action                     |  1- 3 |  4- 6 || total
---------------------------+-------+-------++-------
  Melee: War axe           |    61 |   153 ||   214
    Use: Scroll            |       |    11 ||    11
 Armour: Scale mail        |    32 |    43 ||    75
         Chain mail        |       |    68 ||    68
  Dodge: Dodged            |    34 |    85 ||   119
  Block: Buckler           |    13 |    47 ||    60

Table legend: (Time is in decaauts)
 A = Elapsed time spent in this place.
 B = Non-inter-level travel time spent in this place.
 C = Inter-level travel time spent in this place.
 D = Time resting spent in this place.
 E = Time spent auto-exploring this place.
 F = Levels seen in this place.
 G = Mean time per level.
                   A        B        C        D        E       F      G
               +--------+--------+--------+--------+--------+-----+--------+
         Total |   2735 |   2702 |     33 |    398 |   1636 |   4 |  683.8 |
       Dungeon |   2735 |   2702 |     33 |    398 |   1636 |   4 |  683.8 |
               +--------+--------+--------+--------+--------+-----+--------+

Top non-repeatable levels by time:
     D:2: 1115 daAuts
     D:1: 779 daAuts
     D:4: 435 daAuts
     D:3: 405 daAuts
